 Dungeon Crawl Stone Soup version 0.27.1-15-g792fb953b9 (webtiles) character file.

Game seed: 13569367662095247922

341 styxcanada the Covert (level 6, -1/30 HPs)
             Began as a Spriggan Brigand on Nov 20, 2021.
             Was an Initiate of Gozag.
             Slain by a wyvern (2 damage)
             ... on level 4 of the Dungeon.
             The game lasted 00:15:51 (4184 turns).

styxcanada the Covert (Spriggan Brigand)            Turns: 4184, Time: 00:15:52

Health: -1/30      AC:  4    Str:  7    XL:     6   Next: 30%
Magic:  7/10       EV: 18    Int: 13    God:    Gozag
Gold:   294        SH:  0    Dex: 18    Spells: 8/9 levels left

rFire    + . .     SeeInvis +   a - +2 dagger
rCold    . . .     Faith    .   (shield restricted)
rNeg     . . .     Spirit   .   b - +0 robe
rPois    .         Reflect  .   (helmet restricted)
rElec    .         Harm     .   c - +1 cloak
rCorr    .         Rampage  .   (gloves unavailable)
Will     +....                  (boots unavailable)
Stlth    ++++......             (no amulet)
HPRegen  0.10/turn              g - ring of protection from fire
MPRegen  0.12/turn              (no ring)

@: very slightly contaminated, very quick
A: very small, no large weapons, unfitting armour, see invisible, speed 3
a: Renounce Religion, Potion Petition, Call Merchant, Bribe Branch


You were on level 4 of the Dungeon.
You worshipped Gozag.
Gozag was aware of your devotion.
You visited 1 branch of the dungeon, and saw 5 of its levels.

You collected 313 gold pieces.
You paid 19 gold pieces to Gozag.

Inventory:

Hand Weapons
 a - a +2 dagger (weapon)
Missiles
 e - a curare-tipped dart (quivered)
 f - 52 stones
 o - a throwing net
Armour
 b - a +0 robe (worn)
 c - a +1 cloak (worn)
Jewellery
 g - a ring of protection from fire (left hand)
Wands
 d - a wand of paralysis (7)
Scrolls
 h - a scroll of enchant armour
 i - a scroll of summoning
 n - 2 scrolls of immolation
 p - a scroll of acquirement {unknown}
Potions
 k - 2 potions of might
 l - 2 potions of ambrosia {unknown}
 m - a potion of attraction {unknown}


   Skills:
 * Level 2.3 Fighting
 + Level 2.9 Short Blades
 + Level 2.5 Throwing
 * Level 3.2 Dodging
 * Level 8.5 Stealth
 * Level 2.4 Spellcasting
 * Level 1.1 Conjurations
 * Level 0.7 Evocations


You had 8 spell levels left.
You knew the following spells:

 Your Spells              Type           Power      Damage    Failure   Level
a - Magic Dart            Conj           16%        1d3       16%         1

Your spell library contained the following spells:

 Spells                   Type           Power      Damage    Failure   Level
 Summon Small Mammal      Summ           4%         N/A       24%         1
 Call Imp                 Summ           1%         N/A       36%         2
 Mephitic Cloud           Conj/Pois/Air  2%         N/A       52%         3
 Call Canine Familiar     Summ           1%         N/A       58%         3
 Summon Guardian Golem    Hex/Summ       1%         N/A       58%         3


Dungeon Overview and Level Annotations

Branches:
Dungeon (5/15)
 Temple: D:4-7

Altars:
Gozag


Innate Abilities, Weirdness & Mutations

You are very small and have problems with some larger weapons.
You are too small for most types of armour.
You have supernaturally acute eyesight. (SInv)
You cover ground extremely quickly. (Speed+++)


Message History

Press: ? - help, Shift-Dir - straight line, f/p - wyvern
Aim: a wyvern (moderately wounded, very poisoned, 100% to hit)
The magic dart hits the wyvern but does no damage.
The wyvern is moderately wounded.
The wyvern hisses menacingly.
The wyvern completely misses you.
The wyvern is distracted by your dazzling golden aura.
The wyvern is no longer distracted by gold.
Casting: Magic Dart (safe; 16% risk of failure)
Confirm with . or Enter, or press ? or * to list all spells.
Aiming: Magic Dart (safe; 16% risk of failure)
Press: ? - help, Shift-Dir - straight line, f/p - wyvern
Aim: a wyvern (heavily wounded, poisoned, 100% to hit)
The magic dart hits the wyvern but does no damage.
The wyvern is heavily wounded.
Casting: Magic Dart (safe; 16% risk of failure)
Confirm with . or Enter, or press ? or * to list all spells.
Aiming: Magic Dart (safe; 16% risk of failure)
Press: ? - help, Shift-Dir - straight line, f/p - wyvern
Aim: a wyvern (heavily wounded, poisoned, 100% to hit)
The magic dart hits the wyvern but does no damage.
The wyvern is heavily wounded.
Casting: Magic Dart (safe; 16% risk of failure)
Confirm with . or Enter, or press ? or * to list all spells.
Aiming: Magic Dart (safe; 16% risk of failure)
Press: ? - help, Shift-Dir - straight line, f/p - wyvern
Aim: a wyvern (heavily wounded, poisoned, 100% to hit)
You miscast Magic Dart.
You are very lightly contaminated with residual magic.
Nothing appears to happen.
The wyvern closely misses you.
You hit the wyvern.
The wyvern is heavily wounded.
The wyvern bites you!
Ouch! That really hurt!
* * * LOW HITPOINT WARNING * * *
You hit the wyvern.
The wyvern is severely wounded.
The wyvern bites you.
You die...
Your body crumbles into a pile of gold.

##########.######
#.(....# ####
######)##
...######## #...#
##.##.....# ##..#
##.##.....# ##.#
##.)......# #.#
##..#....># #l#
##..#.....# #@#
..).##########
#.##
###..........#
#..#
.....#.###.#.#
##.#
........##.#.#
#.#
####.#.....#.#
#.# #.#.......#
#.#
#.........####.#
###............#


You could see a wyvern (poisoned).

Vanquished Creatures
  A centaur (D:4)
  A scorpion (D:5)
  A water moccasin skeleton (D:5)
  A hound (D:5)
  A gnoll (D:5)
  4 adders
  An ufetubus (D:5)
  2 worms
  2 dart slugs
  5 orcs (D:3)
  4 endoplasms
  4 giant cockroaches
  3 hobgoblins (D:1)
  2 jackals (D:1)
  4 quokkas
  9 ball pythons
  4 bats
  2 frilled lizards (D:1)
  3 goblins
  6 kobolds
  6 rats
66 creatures vanquished.

Notes
Turn   | Place    | Note
-------+----------+-------------------------------------------
     0 | D:1      | styxcanada the Spriggan Brigand began the quest for the
                  | Orb.
     0 | D:1      | Reached XP level 1. HP: 10/10 MP: 2/2
    54 | D:1      | Reached skill level 6 in Stealth
   226 | D:1      | Reached XP level 2. HP: 14/14 MP: 3/3
   774 | D:1      | Reached skill level 1 in Spellcasting
  1023 | D:2      | Reached XP level 3. HP: 15/18 MP: 5/5
  1357 | D:2      | Learned a level 1 spell: Magic Dart
  1476 | D:2      | Found an opulent altar of Gozag.
  1485 | D:2      | Became a worshipper of Gozag Ym Sagoz the Greedy
  1506 | D:2      | Reached skill level 7 in Stealth
  1898 | D:2      | Reached XP level 4. HP: 23/23 MP: 7/7
  2399 | D:3      | Found a faded altar of an unknown god.
  3173 | D:3      | You fall into a shaft and drop 2 floors!
  3173 | D:5      | Entered Level 5 of the Dungeon
  3173 | D:5      | Found an opulent altar of Gozag.
  3200 | D:5      | Noticed a scorpion
  3227 | D:5      | Killed a scorpion
  3228 | D:5      | Reached XP level 5. HP: 26/26 MP: 6/8
  3316 | D:5      | Reached skill level 8 in Stealth
  3316 | D:5      | Reached skill level 1 in Conjurations
  3650 | D:5      | Noticed a black bear
  4108 | D:4      | Noticed a centaur
  4116 | D:4      | Killed a centaur
  4117 | D:4      | Reached XP level 6. HP: 30/30 MP: 10/10
  4150 | D:4      | Noticed a wyvern
  4183 | D:4      | HP: 1/30 [wyvern (16)]
  4184 | D:4      | Slain by a wyvern

Illustrated notes

Levels and vault maps discovered:
D:1:      lordsloth_arrival_two_stooges, layout_rooms
D:2:      layout_loops_ring, basic_altar
D:3:      layout_loops_corners, basic_ecumenical_altar, minmay_misc_feat_alley,
          chequers_serial_rivers_marsh, minmay_strange_pillars,
          item_on_display_a
D:4:      layout_loops_cross, mainiacjoe_overflow_big_doors, uniq_eustachio
D:5:      layout_loops_corners, mainiacjoe_overflow_small_starburst,
          uniq_menkaure, uniq_crazy_yiuf_cottage

Skill      XL: |  1  2  3  4  5 |
---------------+----------------+-----
Stealth        | 6 7 8 |  8.5
Spellcasting   | 1 2 |  2.4
Dodging        | 2 3 |  3.2
Fighting       | 2 |  2.3
Conjurations   | 1 |  1.1
Short Blades   | |  2.9
Throwing       | |  2.5
Evocations     | |  0.7

Action                   |  1- 3 |  4- 6 || total
-------------------------+-------+-------++-------
Melee: Dagger            |   124 |    74 ||   198
Throw: Dart              |    19 |    16 ||    35
       Stone             |       |     2 ||     2
 Cast: Magic Dart        |       |    30 ||    30
  Use: Scroll            |     3 |     2 ||     5
 Stab: Sleeping          |    15 |     8 ||    23
Armor: Robe              |    15 |     8 ||    23
Dodge: Dodged            |    82 |    44 ||   126
